 Dungeon Crawl Stone Soup version 0.17-a0-854-g4a4ba72 (console) character file.

254 sose the Vandal (level 6, 0/37 HPs)
             Began as a Halfling Arcane Marksman on Apr 28, 2015.
             Was an Initiate of Fedhas.
             Slain by Pikel
             ... wielding a +1 whip of flaming
              (1 damage)
             ... on level 5 of the Dungeon.
             The game lasted 00:18:31 (5608 turns).

sose the Vandal (Halfling Arcane Marksman)          Turns: 5608, Time: 00:18:31

Health: 0/37       AC:  2    Str: 11    XL:     6   Next: 37%
Magic:  6/7        EV: 15    Int: 14    God:    Fedhas [......]
Gold:   167        SH:  0    Dex: 14    Spells: 2 memorised, 4 levels left

rFire  . . .     SeeInvis .     b - +0 hunting sling
rCold  . . .     Clarity  .     h - +0 robe
rNeg   . . .     SustAb   .     (shield restricted)
rPois  .         Gourm    .     (no helmet)
rElec  .         Spirit   .     (no cloak)
rCorr  .         Warding  .     (no gloves)
rMut   .         Stasis   .     (no boots)
MR     .....                    (no amulet)
Stlth  +.........               (no ring)
                                (no ring)

@: not resistant to hostile enchantments, very unstealthy
A: hooves 1, mutation resistance 1
a: Renounce Religion


You were on level 5 of the Dungeon.
You worshipped Fedhas.
Fedhas was noncommittal.
You were very hungry.

You visited 1 branch of the dungeon, and saw 5 of its levels.

You collected 167 gold pieces.

Inventory:

Hand weapons
 a - a +0 dagger
 b - a +0 hunting sling (weapon)
Missiles
 c - 15 sling bullets
 g - 78 stones (quivered)
Armour
 h - a +0 robe (worn)
Jewellery
 j - an uncursed ring of ice
 m - an uncursed ring of fire
Scrolls
 f - 4 scrolls of identify
 i - 2 scrolls of teleportation {unknown}
 k - a scroll of amnesia {unknown}
 l - a scroll of random uselessness {unknown}
 n - a scroll of remove curse {unknown}
 r - a scroll of magic mapping {unknown}
 t - a scroll of fog {unknown}
Potions
 o - a potion of curing
 p - a potion of poison {unknown}
 q - a potion of mutation
 u - a potion of magic {unknown}
 v - 2 potions of haste {unknown}
Books
 d - a book of Debilitation

   Spells                             Type                      Level
   a - Corona                         Hexes                        1
   b - Slow                           Hexes                        2
   c - Gell's Gravitas                Hexes/Translocation          3
   d - Inner Flame                    Hexes/Fire                   3
   e - Cause Fear                     Hexes                        4
   f - Leda's Liquefaction            Hexes/Earth                  4
Comestibles
 e - 6 bread rations
 s - 2 meat rations


   Skills:
 - Level 0.8 Fighting
 + Level 6.4(6.5) Slings
 - Level 1.0(3.8) Throwing
 - Level 2.1 Dodging
 - Level 1.0 Spellcasting
 - Level 4.7 Hexes


You had 4 spell levels left.
You knew the following spells:

 Your Spells              Type           Power        Failure   Level  Hunger
a - Corona                Hex            ##.....      4%          1    ##.....
b - Slow                  Hex            ##......     10%         2    ###....


Dungeon Overview and Level Annotations

Branches:
Dungeon (5/15)             Temple (0/1) D:5

Altars:
Fedhas
Kikubaaqudgha
Vehumet

Annotations:
D:5 Pikel


Innate Abilities, Weirdness & Mutations

You are small and have problems with some larger weapons.
You are somewhat resistant to further mutation.
You have large cloven feet.


Message History

* * * LOW HITPOINT WARNING * * *
A worker ant comes into view.
Read which item? (? for menu, Esc to quit)
As you read the scroll labeled XYNOSI BIOKKI, it crumbles to dust.
It is a scroll of identify.
Identify which item? (\ to view known items) (? for menu, Esc to quit)
q - 2 potions of mutation Pikel hits you with a whip of flaming.
* * * LOW HITPOINT WARNING * * *
Pikel burns you.
* * * LOW HITPOINT WARNING * * *
Unknown command.
Drink which item? (? for menu, Esc to quit)
You feel extremely strange.
Your feet thicken and deform.
The worker ant misses you. Pikel hits you with a whip of flaming.
* * * LOW HITPOINT WARNING * * *
Pikel burns you.
You die...
Fedhas appreciates your contribution to the ecosystem.

##...##
#.)...#
#......
#.....#
#..(.##
#.#.##
#########
#.#.#
.......a.#
#.#.# #@#
#.#.. #K#
.### #Z#
#K# #(#
#.. ####


You could see Pikel, a worker ant, a kobold and a hound skeleton.

Vanquished Creatures
  3 slaves
  A scorpion (D:5)
  Ijyb (D:3)
  Jessica (D:2)
  2 worker ants
  3 adders (D:2)
  A worm (D:2)
  7 orcs
  A ball python (D:2)
  4 bats
  A bat skeleton (D:3)
  9 hobgoblins
  3 jackals (D:5)
  A giant cockroach (D:3)
  2 giant geckos
  4 giant newts
  6 goblins
  8 kobolds
  9 rats
67 creatures vanquished.

Vanquished Creatures (others)
  3 toadstools (D:5)
3 creatures vanquished.

Grand Total: 70 creatures vanquished

Notes
Turn   | Place    | Note
--------------------------------------------------------------
     0 | D:1      | sose, the Halfling Arcane Marksman, began the quest for the Orb.
     0 | D:1      | Reached XP level 1. HP: 12/12 MP: 2/2
    16 | D:1      | Reached skill level 1 in Throwing
   278 | D:1      | Reached XP level 2. HP: 18/18 MP: 3/3
   770 | D:2      | Reached skill level 4 in Slings
  1049 | D:2      | Reached XP level 3. HP: 11/22 MP: 2/4
  1258 | D:2      | Learned a level 2 spell: Slow
  1459 | D:2      | Reached skill level 5 in Slings
  1841 | D:2      | Reached XP level 4. HP: 20/27 MP: 5/5
  1944 | D:2      | Noticed Jessica
  1967 | D:2      | Killed Jessica
  1967 | D:2      | Reached skill level 6 in Slings
  2783 | D:3      | Found a blossoming altar of Fedhas.
  2787 | D:3      | Found an ancient bone altar of Kikubaaqudgha.
  2793 | D:3      | Noticed Ijyb
  2916 | D:3      | Killed Ijyb
  2916 | D:3      | Reached XP level 5. HP: 17/32 MP: 4/6
  3061 | D:3      | Found a radiant altar of Vehumet.
  3748 | D:4      | Noticed a slave
  3879 | D:3      | Became a worshipper of Fedhas Madash
  3920 | D:4      | You fall through a shaft!
  3920 | D:5      | Entered Level 5 of the Dungeon
  3978 | D:5      | Found a staircase to the Ecumenical Temple.
  3991 | D:5      | Reached XP level 6. HP: 8/37 MP: 4/7
  4572 | D:5      | Noticed an ice beast
  4744 | D:4      | Noticed a slave
  4744 | D:4      | Noticed a slave
  4745 | D:4      | Noticed a slave
  4777 | D:3      | Killed a slave
  5125 | D:4      | Killed a slave
  5335 | D:4      | Killed a slave
  5387 | D:4      | Noticed Pikel
  5608 | D:5      | Gained mutation: You have large cloven feet. [potion of mutation]
  5608 | D:5      | HP: 1/37 [Pikel/whip of flaming (5)]
  5608 | D:5      | Slain by Pikel

Action                   |  1- 3 |  4- 6 || total
-------------------------+-------+-------++-------
 Fire: Hunting sling     |    87 |   333 ||   420
 Cast: Corona            |     1 |     3 ||     4
       Slow              |       |    26 ||    26
  Use: Potion            |       |     3 ||     3
       Scroll            |       |     1 ||     1
  Eat: Bread ration      |     1 |       ||     1
       Chunk             |       |     6 ||     6
       Meat ration       |       |     1 ||     1
